 Dungeon Crawl Stone Soup version 0.29.0-10-g45618ea6d2 (webtiles) character file.

Game seed: 12099211360816912705

528 sanka the Martial Artist (level 7, 51/57 HPs)
             Began as a Green Draconian Monk on Sept 1, 2022.
             Quit the game on level 4 of the Dungeon.
             The game lasted 00:05:43 (4748 turns).

sanka the Martial Artist (Green Draconian Monk)     Turns: 4748, Time: 00:05:44

Health: 51/57      AC:  6    Str: 13    XL:     7   Next: 3%
Magic:  7/7        EV: 12    Int: 12    God:
Gold:   165        SH:  0    Dex: 14    Spells: 4/6 levels left

rFire   . . .      SeeInvis .     - Unarmed
rCold   . . .      Faith    .   (no shield)
rNeg    . . .      Spirit   .   (body armour unavailable)
rPois   +          Reflect  .   (helmet restricted)
rElec   .          Harm     .   (no cloak)
rCorr   .          Rampage  .   (no gloves)
Will    .....                   (no boots)
Stlth   ++........              (no amulet)
HPRegen 0.19/turn               (no ring)
MPRegen 0.10/turn               (no ring)

@: slowed, very slow
A: breathe noxious fumes, AC +6, unfitting armour, poison resistance,
cold-blooded
a: Breathe Noxious Fumes


You were on level 4 of the Dungeon.
You visited 1 branch of the dungeon, and saw 4 of its levels.

You collected 165 gold pieces.


Innate Abilities, Weirdness & Mutations

You can breathe blasts of noxious fumes.
Your lurid green scales are hard. (AC +6)
You cannot fit into any form of body armour.
Your system is resistant to poisons. (rPois)
You are cold-blooded and may be slowed by cold attacks.


   Skills:
 - Level 3.2 Fighting
 - Level 2.6 Dodging
 - Level 1.7 Stealth
 + Level 8.1 Unarmed Combat


You had 4 spell levels left.
You knew the following spells:

 Your Spells              Type           Power      Damage    Failure   Level
y - Wereblood             Tmut           0%         N/A       45%         2

Your spell library contained the following spells:

 Spells                   Type           Power      Damage    Failure   Level
 Beastly Appendage        Tmut           0%         N/A       32%         1
 Magic Dart               Conj           0%         1d3       32%         1
 Searing Ray              Conj           0%         2d4       45%         2
 Call Canine Familiar     Summ           0%         N/A       69%         3
 Portal Projectile        Hex/Tloc       0%         N/A       69%         3
 Spider Form              Tmut/Pois      0%         N/A       69%         3
 Tukima's Dance           Hex            0%         N/A       69%         3
 Fulminant Prism          Conj/Hex       0%         3d6       97%         4
 Leda's Liquefaction      Hex/Erth       0%         N/A       97%         4
 Blade Hands              Tmut           0%         N/A       100%        5

Inventory:

Armour
 l - a scarf of invisibility
Jewellery
 d - a ring of ice
Wands
 f - a wand of flame (14)
Scrolls
 b - 3 scrolls of magic mapping
 e - 3 scrolls of identify {@r1}
 g - a scroll of teleportation {unknown}
 i - a scroll of silence {unknown}
 j - a scroll of blinking {unknown}
 n - a scroll of acquirement {unknown}
 p - a scroll of immolation {unknown}
Potions
 a - a potion of ambrosia
 c - 3 potions of attraction {unknown}
 h - a potion of brilliance {unknown}
 k - 2 potions of degeneration {!q}
 m - 2 potions of curing {@q1}
 o - a potion of lignification {!q}
 q - a potion of haste {unknown}

Dungeon Overview and Level Annotations

Branches:
Dungeon (4/15)
 Temple: D:4-7

Altars:

Shops:
D:1 ((?   D:4 (

Annotations:
D:3 3 runed translucent doors, Ge0ff's ghost, weakling MeCj; Lochraine's ghost, amateur GrEE; Plorgh's ghost, amateur OgFE; sobakacece's ghost, amateur MfGl

...........▒▒▒ ▒.▒▒
.............▒▒▒ ▒▒▒▒▒▒▒▒▒)▒▒▒
...............▒▒▒........)..▒
...........▒▒...▒▒...........▒
.............▒.)▒▒...........▒░░░
..........▒▒.▒..▒▒▒▒▒▒...▒......,
..........▒▒.▒.....▒ ▒.▒▒▒.......
..........▒▒....#▒.▒░▒.░░▒.......
░░░▒▒▒▒▒▒▒░▒▒▒▒▒d▒.▒,..,,........
░░░░░░ ▒!▒.▒...,,.......) ,,,,,░
▒.▒5▒,,,,,,,,,,,,, ,,,,,░
░░░░░▒.▒.▒,,,,,,,,,,,,, ,,,,,░
░.......>.......,,,,,,,
,,,,,░░░░░░.)....▒▒▒......,,,,,,,
,,<,,',††,,......▒ ░......░░░░░░░
,,,,,░░░░░,......▒ ░,.....░
,,,,,░ ░,...5.,░ ░,.....░


There were no monsters in sight!


Message History

Natasha casts a spell at you. The magic dart hits you.
Natasha barely misses you. Natasha barely misses you.
You hit Natasha.
Natasha is lightly wounded.
Natasha claws you but does no damage.
Unknown command.
You hit Natasha. You tail-slap Natasha.
Natasha is heavily wounded.
Natasha claws you but does no damage.
Unknown command.
You hit Natasha. You tail-slap Natasha.
Natasha is severely wounded.
Natasha closely misses you. The white imp gestures at you.
The puff of frost hits you.
Unknown command.
You hit Natasha.
You kill Natasha!
You feel Natasha's spirit has finally been put to rest.
You have reached level 7!
Your scales start taking on a lurid green colour.
You learn Poison Magic much quicker.
You can breathe blasts of noxious fumes.
You feel resistant to poisons.
Unknown command.
Are you sure you want to abandon this character and quit the game? (Confirm with "yes".)

Action                   |  1- 3 |  4- 6 |  7- 9 || total
-------------------------+-------+-------+-------++-------
Melee: Unarmed           |   136 |   231 |       ||   367
       Tailslap          |    10 |    31 |       ||    41
       Punch             |     3 |     6 |       ||     9
  Use: Scroll            |       |     4 |       ||     4
       Potion            |       |     4 |       ||     4
 Stab: Sleeping          |     6 |     4 |       ||    10
Armor: Skin              |    45 |    81 |       ||   126
Dodge: Dodged            |    89 |   129 |       ||   218

Levels and vault maps discovered:
D:1:      lordsloth_arrival_two_stooges, layout_basic, serial_shops,
          nicolae_shop_hallway_plus, shop, shop, minmay_crystal_room
D:2:      layout_loops_ring, dreamdust_ecumenical_altar_statues
D:3:      layout_loops_cross, gammafunk_ghost_cemetery,
          minmay_misc_feat_secret_circle, uniq_terence, uniq_ijyb
D:4:      layout_basic, serial_shops, nicolae_shop_statue_plus, uniq_natasha

Notes
Turn   | Place    | Note
-------+----------+-------------------------------------------
     0 | D:1      | sanka the Draconian Monk began the quest for the Orb.
     0 | D:1      | Reached XP level 1. HP: 19/19 MP: 1/1
   104 | D:1      | Reached XP level 2. HP: 26/26 MP: 2/2
   167 | D:1      | Found Gonaidur's Antique Weapon Shoppe.
   229 | D:1      | Reached skill level 4 in Unarmed Combat
   429 | D:1      | Found Ycusiyts's Weapon Emporium.
   551 | D:1      | Found Gipren's Magic Scroll Boutique.
   797 | D:1      | Reached XP level 3. HP: 30/31 MP: 3/3
  1008 | D:1      | Learned a level 2 spell: Wereblood
  1526 | D:2      | Found a faded altar of an unknown god.
  1573 | D:2      | Reached XP level 4. HP: 28/38 MP: 4/4
  1582 | D:2      | Reached skill level 5 in Unarmed Combat
  2225 | D:3      | Noticed Terence
  2327 | D:3      | Found a runed translucent gate.
  2327 | D:3      | Found a runed translucent gate.
  2327 | D:3      | Noticed sobakacece's ghost (amateur MfGl)
  2328 | D:3      | Found a runed translucent gate.
  2328 | D:3      | Noticed Plorgh's ghost (amateur OgFE)
  2328 | D:3      | Noticed Ge0ff's ghost (weakling MeCj)
  2329 | D:3      | Noticed Lochraine's ghost (amateur GrEE)
  2450 | D:3      | Noticed Ijyb
  2454 | D:3      | HP: 2/38 [Ijyb/puff of flame (6)]
  2469 | D:3      | Killed Ijyb
  2470 | D:3      | Reached XP level 5. HP: 21/45 MP: 5/5
  2473 | D:3      | Killed Terence
  2474 | D:3      | Reached skill level 6 in Unarmed Combat
  3356 | D:4      | Found Ruteurin's Weapon Shop.
  3404 | D:4      | Reached skill level 7 in Unarmed Combat
  3404 | D:4      | Reached XP level 6. HP: 18/51 MP: 6/6
  4120 | D:4      | Noticed Natasha
  4149 | D:4      | Killed Natasha
  4430 | D:4      | Noticed Natasha
  4453 | D:4      | Killed Natasha
  4454 | D:4      | Reached skill level 8 in Unarmed Combat
  4649 | D:4      | Found Ruteurin's Weapon Shop.
  4735 | D:4      | Noticed Natasha
  4747 | D:4      | Killed Natasha
  4748 | D:4      | Your scales start taking on a lurid green colour.
  4748 | D:4      | Reached XP level 7. HP: 51/57 MP: 7/7
  4748 | D:4      | Gained mutation: Your system is resistant to poisons.
                  | (rPois) [Green Draconian growth]
  4748 | D:4      | Quit the game

Vanquished Creatures
  A black bear (D:4)
  A scorpion (D:4)
  3 hounds (D:4)
  Terence (D:3)
  Ijyb (D:3)
  Natasha (thrice) (D:4)
  7 adders
  5 worms
  A dart slug (D:2)
  4 orcs (D:3)
  9 bats
  9 endoplasms
  4 giant cockroaches
  10 goblins
  8 hobgoblins
  3 jackals (D:4)
  5 kobolds
  4 quokkas
  8 ball pythons
  A frilled lizard (D:1)
  5 rats
93 creatures vanquished.

Vanquished Creatures (others)
  2 withered plants (D:3)
2 creatures vanquished.

Grand Total: 95 creatures vanquished
